 Dungeon Crawl Stone Soup version 0.25.1-2-g60ff931df9 (webtiles) character file.

Game seed: 14373031434462061460

144 Fortress the Grave Robber (level 5, -4/35 HPs)
             Began as a Vampire Necromancer on Nov 7, 2020.
             Slain by Robin
             ... wielding a +4 spear
              (8 damage)
             ... on level 4 of the Dungeon.
             The game lasted 00:08:14 (1782 turns).

Fortress the Grave Robber (Vampire Necromancer)     Turns: 1782, Time: 00:08:15

Health: -4/35      AC:  4    Str:  7    XL:     5   Next: 5%
Magic:  0/9        EV: 13    Int: 19    God:
Gold:   126        SH:  0    Dex: 14    Spells: 9/10 levels left

rFire    + . .     SeeInvis +   i - +2 dagger (venom)
rCold    . . .     Gourm    .   (no shield)
rNeg     + . .     Faith    .   k - +2 robe {rN+}
rPois    .         Spirit   .   (no helmet)
rElec    .         Reflect  .   (no cloak)
rCorr    .         Harm     .   (no gloves)
MR       .....                  (no boots)
Stlth    ++........             (no amulet)
HPRegen  0.31/turn              g - ring of protection from fire
MPRegen  0.11/turn              (no ring)

@: regenerating quickly
A: no food, fangs 3, see invisible, unbreathing
a: Exsanguinate


You were on level 4 of the Dungeon.
You were alive.

You visited 1 branch of the dungeon, and saw 3 of its levels.

You collected 126 gold pieces.

Inventory:

Hand Weapons
 e - a +0 hunting sling
 i - a +2 dagger of venom (weapon)
Armour
 a - a +0 robe
 k - a +2 robe of positive energy (worn)
 l - a +2 robe of fire resistance
Jewellery
 f - an uncursed ring of stealth {unknown}
 g - a ring of protection from fire (left hand)
Scrolls
 c - 3 scrolls of identify
 h - 2 scrolls of remove curse
Potions
 j - a potion of curing
 n - a potion of flight {unknown}
 p - a potion of mutation {unknown}


   Skills:
   Level 0.6 Maces & Flails
 + Level 2.9 Dodging
 + Level 3.7 Stealth
 + Level 3.1 Spellcasting
 + Level 5.5 Necromancy


You had 9 spell levels left.
You knew the following spells:

 Your Spells              Type           Power        Failure   Level  Hunger
a - Pain                  Necr           ###.         1%          1    N/A

Your spell library contained the following spells:

 Spells                   Type           Power        Failure   Level  Hunger
 Animate Skeleton         Necr           N/A          1%          1    N/A
 Vampiric Draining        Necr           ###.......   4%          3    N/A
 Animate Dead             Necr           N/A          16%         4    N/A
 Agony                    Necr           ###.....     38%         5    N/A

Dungeon Overview and Level Annotations

Branches:
Dungeon (2/15)

Altars:

Annotations:
D:4 Robin


Innate Abilities, Weirdness & Mutations

You do not eat.
Your natural rate of healing is unusually fast.
You have razor-sharp teeth.
You have supernaturally acute eyesight. (SInv)
You can survive without breathing.


Message History

The worker ant is heavily wounded.
The worker ant bites you.
* * * LOW HITPOINT WARNING * * *
Robin hits you but does no damage.
You closely miss the worker ant.
The worker ant is almost dead.
You kill the worker ant!
You have reached level 5!
You feel clever. Robin hits you but does no damage.
Casting: Pain (safe; 1% risk of failure)
Confirm with . or Enter, or press ? or * to list all spells.
Aiming: Pain (safe; 1% risk of failure)
Press: ? - help, Shift-Dir - straight line, f - Robin
Aim: Robin, wielding a +4 spear, wearing a +0 animal skin and wearing a +0 helmet (chance to defeat MR: 88%) Robin writhes in agony!
Robin hits you from afar with a +4 spear.
* * * LOW HITPOINT WARNING * * *
Robin hits you with a +4 spear!
You die...

#....#...........#
#....#...........###
#....#..............
#....#.#..........##
+....'...)..........
#....#.#..........##
#.)..#.#..........))
##)(##.#.##......)##
##@##.#..........##
#g(#.#............
##)#.#.##.......##
#(.....+.......+.
#...#.##.......##
#...# ......#..
#...# #.†)# #.#.#


You could see Robin.

Vanquished Creatures
  Jessica (D:2)
  A worker ant (D:4)
  A gnoll (D:1)
  An adder (D:2)
  A worm (D:4)
  2 dart slugs (D:1)
  A leopard gecko (D:1)
  5 orcs (D:4)
  A giant cockroach (D:1)
  14 goblins
  8 hobgoblins
  7 jackals
  4 kobolds (D:1)
  A bat (D:1)
  A frilled lizard (D:2)
  8 rats (D:1)
57 creatures vanquished.

Notes
Turn   | Place    | Note
-------+----------+-------------------------------------------
     0 | D:1      | Fortress the Vampire Necromancer began the quest for the
                  | Orb.
     0 | D:1      | Reached XP level 1. HP: 13/13 MP: 3/3
   245 | D:1      | Reached XP level 2. HP: 19/19 MP: 1/5
   460 | D:1      | Reached skill level 5 in Necromancy
   512 | D:1      | Reached XP level 3. HP: 24/24 MP: 4/6
  1208 | D:2      | Noticed Jessica
  1357 | D:2      | Killed Jessica
  1357 | D:2      | Reached XP level 4. HP: 14/30 MP: 0/8
  1571 | D:2      | You fall into a shaft and drop 2 floors!
  1757 | D:4      | Noticed Robin
  1780 | D:4      | Reached XP level 5. HP: 8/35 MP: 1/9
  1782 | D:4      | Slain by Robin

Illustrated notes

Levels and vault maps discovered:
D:1:      giann_horns, layout_basic
D:2:      layout_basic, lemuel_statue_altar, uniq_jessica
D:4:      layout_basic, lemuel_crystal_altar, tgw_xom, trog_book, uniq_robin

Skill      XL: |  1  2  3  4 |
---------------+-------------+-----
Necromancy     | 5 |  5.5
Spellcasting   | 3 |  3.1
Maces & Flails | |  0.6
Dodging        | |  2.9
Stealth        | |  3.7

Action                   |  1- 3 |  4- 6 || total
-------------------------+-------+-------++-------
Melee: Mace              |    46 |       ||    46
       Bite              |     3 |     2 ||     5
       Dagger            |       |     8 ||     8
 Cast: Pain              |    43 |    29 ||    72
  Use: Scroll            |       |     6 ||     6
 Stab: Sleeping          |     5 |       ||     5
Armor: Robe              |    17 |     3 ||    20
Dodge: Dodged            |    63 |    11 ||    74
